Map: Moondance

Players

Azure

  • Race: Terran Terran
  • Spawn Location: 12:00

Rob - Winner!

  • Race: Protoss Protoss
  • Spawn Location: 6:00

Event: DreamHack SC2 Masters 2022 Atlanta (Offline)

VOD

Have the link to the VOD?

Description

Time

  • Played on: Nov. 18, 2022, 2:44 p.m.
  • Length: 13:48

All games in this series

Show
View Real Time Build Order
Export as new Build Order

Azure Terran 

Build Orders: Hellion Opening 

Get SALT Encoding   

  12  0:00  SCV  
  13  0:12  SCV  
  14  0:17  Supply Depot  
  14  0:24  SCV  
  15  0:38  SCV  
  15  0:39  Barracks  
  16  0:42  Refinery  
  16  0:50  SCV  
  16  0:52  Refinery  
  17  1:02  SCV  
  18  1:14  SCV  
  19  1:29  Reaper, Orbital Command  
  20  1:42  Supply Depot, Factory  
  20  1:56  SCV  
  20  2:01  Barracks Reactor  
  22  2:08  SCV  
  22  2:20  SCV  
  23  2:24  Command Center  
  23  2:32  SCV  
  23  2:34  Starport  
  24  2:44  SCV  
  24  2:47  Hellion x2  
  24  2:50  Supply Depot  
  29  2:56  SCV  
  29  2:57  Barracks Tech Lab  
  30  3:09  SCV  
  30  3:12  Hellion x2  
  35  3:14  Medivac  
  37  3:21  SCV  
  38  3:33  SCV  
  39  3:35  Hellion x2  
  39  3:41  Orbital Command  
  43  3:45  Supply Depot, SCV  
  44  3:59  SCV  
  44  4:02  Bunker, Marine  
  46  4:17  Orbital Command  
  38  4:18  SCV  
  39  4:25  Barracks  
  39  4:26  Barracks  
  39  4:30  SCV, Siege Tank, Marine x2  
  43  4:43  SCV  
  44  4:45  SCV  
  44  4:47  Marine  
  44  4:48  Marine  
  47  4:55  SCV  
  48  5:03  Siege Tank  
  48  5:05  Marine x2  
  48  5:19  SCV  
  45  5:23  Marine x2  
  45  5:24  Marine  
  45  5:28  SCV  
  44  5:29  Marine  
  44  5:35  Siege Tank  
  48  5:41  Marine x2  
  48  5:42  Marine  
  46  5:47  Marine  
  35  5:59  Marine x2  
  35  6:00  Marine  
  28  6:04  Marine  
  28  6:07  Siege Tank  
  24  6:16  Marine  
  24  6:17  Marine  
  21  6:20  Marine  
  21  6:23  Marine  
  20  6:29  SCV  
  19  6:34  SCV, Marine  
  19  6:37  Marine  
  21  6:42  SCV, Marine  
  21  6:47  Marine  
  21  6:54  SCV  
  24  6:57  SCV  
  24  6:59  Marine  
  25  7:07  SCV  
  26  7:11  SCV  
  26  7:15  Marine  
  28  7:23  Siege Tank  
  28  7:24  SCV  
  28  7:28  SCV  
  28  7:29  Marine  
  34  7:30  Marine  
  34  7:35  Marine  
  34  7:37  SCV  
  37  7:42  Marine  
  36  7:50  Marine  
  31  7:52  Marine  
  31  7:53  Marine  
  31  7:57  SCV x2  
  34  8:01  Marine  
  35  8:08  Marine  
  35  8:09  SCV  
  35  8:10  Marine  
  35  8:11  SCV, Marine  
  40  8:19  Marine  
  40  8:25  Marine  
  41  8:28  Marine  
  41  8:30  SCV  
  43  8:35  SCV  
  43  8:37  Marine  
  45  8:42  SCV, Barracks Tech Lab  
  45  8:43  Marine  
  46  8:55  Marine x2  
  43  8:56  SCV x2  
  43  8:58  Factory Tech Lab  
  47  9:07  Stimpack  
  47  9:08  SCV, Marine  
  47  9:09  SCV  
  50  9:10  Marine  
  51  9:17  Supply Depot  
  51  9:18  Marine  
  51  9:20  SCV, Barracks Tech Lab  
  51  9:21  SCV  
  54  9:28  Refinery, Marine  
  55  9:33  SCV  
  55  9:34  SCV, Siege Tank  
  60  9:39  Marine  
  60  9:40  Marine  
  60  9:43  Marine  
  60  9:45  SCV  
  63  9:55  Combat Shield, Marine  
  63  9:57  Marine, Starport Reactor  
  65  10:00  SCV  
  65  10:03  Supply Depot  
  65  10:04  SCV  
  67  10:10  Marine x2  
  67  10:12  SCV  
  70  10:22  Supply Depot  
  70  10:25  SCV, Siege Tank, Marine x2  
  70  10:28  SCV  
  77  10:33  Marine  
  78  10:39  Supply Depot  
  78  10:40  Supply Depot  
  78  10:43  Marine  
  78  10:44  Medivac  
  78  10:47  SCV  
  82  10:51  Medivac  
  82  10:54  Marine  
  82  10:55  Marine  
  85  10:57  Marine  
  85  11:01  Marine  
  87  11:12  Siege Tank, Marine  
  87  11:13  Marine  
  87  11:15  Marine  
  87  11:16  Medivac  
  94  11:21  Medivac  
  94  11:22  Marine  
  97  11:29  Marine  
  97  11:31  Marine  
  94  11:37  SCV  
  94  11:39  Marine x2  
  94  11:46  Medivac  
  97  11:47  Marine  
  98  11:54  Marine  
  98  11:57  Marine  
  98  11:59  Marine  
  100  12:05  Marine  
  101  12:12  Marine  
  102  12:18  Marine x2  
  102  12:20  Siege Tank  
  100  12:23  Marine  
  101  12:30  Marine  
  101  12:36  Marine x2  
  99  12:41  Marine  
  100  12:48  Marine  
  101  12:54  Marine  
  102  13:02  Marine  
  102  13:03  Marine  
  93  13:06  Marine  
  93  13:12  Marine  
  88  13:20  Marine  
  88  13:21  Marine  
  88  13:24  Marine  
  84  13:29  Marine  
Show
View Real Time Build Order
Export as new Build Order

Rob Protoss - Winner!

Build Orders: 1 Gate Expand, Blink Stalkers 

Get SALT Encoding   

  12  0:00  Probe  
  13  0:12  Probe  
  14  0:17  Pylon  
  14  0:24  Probe (Chrono Boost)  
  16  0:36  Gateway, Probe (Chrono Boost)  
  16  0:43  Probe (Chrono Boost)  
  16  0:49  Assimilator  
  17  0:51  Probe  
  18  1:03  Probe  
  19  1:15  Probe  
  20  1:26  Cybernetics Core  
  20  1:34  Nexus  
  20  1:39  Pylon  
  20  1:42  Probe (Chrono Boost)  
  21  1:49  Assimilator  
  21  1:52  Probe (Chrono Boost)  
  22  1:56  Probe (Chrono Boost)  
  23  2:01  Adept (Chrono Boost)  
  23  2:03  Warp Gate  
  25  2:08  Probe  
  26  2:20  Probe  
  26  2:22  Stalker (Chrono Boost)  
  29  2:33  Probe  
  30  2:43  Twilight Council  
  30  2:46  Probe (Chrono Boost)  
  32  2:51  Probe (Chrono Boost)  
  32  2:55  Probe (Chrono Boost)  
  34  2:58  Gateway  
  34  2:59  Probe (Chrono Boost)  
  34  3:00  Probe (Chrono Boost)  
  35  3:09  Probe  
  35  3:12  Probe  
  36  3:13  Robotics Facility  
  36  3:17  Stalker  
  38  3:22  Probe  
  38  3:23  Blink (Chrono Boost)  
  38  3:24  Probe  
  40  3:34  Probe  
  40  3:36  Probe  
  42  3:45  Gateway x2  
  42  3:48  Probe x2  
  43  3:53  Stalker  
  46  3:59  Pylon  
  46  4:09  Probe x2  
  42  4:16  Warp Prism (Chrono Boost)  
  36  4:17  Stalker  
  36  4:21  Probe  
  42  4:24  Probe  
  42  4:29  Stalker  
  44  4:34  Probe  
  44  4:36  Probe  
  46  4:41  Stalker x2  
  50  4:46  Probe  
  50  4:48  Probe  
  52  4:57  Pylon  
  52  4:59  Pylon  
  53  5:04  Adept  
  53  5:05  Zealot x3  
  49  5:27  Probe x2  
  49  5:39  Probe x2  
  49  5:42  Zealot x2  
  53  5:43  Zealot  
  53  5:46  Zealot  
  55  5:54  Probe x2  
  51  6:06  Probe x2  
  41  6:18  Probe x2  
  41  6:24  Stalker x3  
  47  6:31  Probe x2  
  49  6:33  Warp Prism (Chrono Boost)  
  51  6:40  Stalker  
  53  6:49  Probe  
  53  6:50  Probe  
  55  7:01  Probe  
  52  7:10  Zealot x4  
  52  7:14  Charge (Chrono Boost)  
  60  7:22  Nexus  
  48  7:54  Stalker x4  
  48  7:56  Probe x2 (Chrono Boost)  
  58  8:07  Forge  
  58  8:08  Probe (Chrono Boost)  
  58  8:09  Probe (Chrono Boost)  
  60  8:14  Probe (Chrono Boost), Gateway  
  60  8:16  Gateway x2  
  60  8:19  Gateway  
  55  8:29  Stalker x2  
  55  8:30  Stalker x2  
  55  8:31  Probe x2 (Chrono Boost)  
  65  8:35  Probe (Chrono Boost)  
  65  8:41  Protoss Ground Weapons Level 1 (Chrono Boost)  
  68  8:42  Probe x2 (Chrono Boost)  
  68  8:43  Probe (Chrono Boost)  
  68  8:46  Probe (Chrono Boost)  
  68  8:49  Probe  
  65  9:00  Gateway  
  65  9:02  Pylon  
  65  9:03  Zealot x3, Pylon  
  71  9:10  Zealot  
  71  9:13  Pylon  
  71  9:14  Probe, Assimilator  
  71  9:15  Probe  
  75  9:17  Assimilator  
  76  9:24  Probe  
  76  9:27  Probe x2  
  78  9:39  Robotics Bay  
  78  9:42  Zealot x7  
  78  9:44  Zealot  
  94  9:56  Nexus  
  94  10:07  Zealot  
  94  10:08  Zealot x4  
  94  10:11  Pylon  
  107  10:23  Robotics Facility  
  107  10:26  Colossus (Chrono Boost)  
  107  10:28  Pylon x2  
  106  10:35  Shield Battery  
  110  10:38  Shield Battery, Sentry, Pylon  
  110  10:39  Sentry  
  110  10:40  Probe x2  
  116  10:43  Extended Thermal Lance (Chrono Boost)  
  116  10:44  Probe, Pylon  
  117  10:51  Protoss Ground Armor Level 1 (Chrono Boost)  
  117  10:52  Probe  
  117  10:56  Probe  
  117  10:57  Probe  
  120  11:00  Forge  
  120  11:04  Probe  
  120  11:08  Probe  
  120  11:09  Probe  
  123  11:13  Colossus (Chrono Boost)  
  123  11:16  Colossus (Chrono Boost), Probe  
  130  11:20  Probe  
  137  11:28  Pylon  
  135  11:39  Zealot x8  
  145  11:49  Shield Battery  
  145  11:51  Shield Battery  
  131  11:58  Pylon  
  129  12:05  Templar Archives  
  129  12:06  Stalker  
  129  12:07  Zealot x3, Stalker x4  
  145  12:11  Zealot  
  145  12:15  Probe x2  
  125  12:33  Disruptor x2 (Chrono Boost)  
  125  12:34  Zealot x9  
  139  12:55  Pylon  
  139  12:57  Gateway  
  139  12:58  Gateway  
  139  12:59  Zealot x3  
  139  13:00  Zealot x5  
  139  13:01  Gateway  
  145  13:11  Disruptor x2 (Chrono Boost)  
  151  13:25  Zealot x9  
  151  13:38  Gateway  
  151  13:39  Nexus  
Tags
 
Add a new tag
Caveats
  • Supply blocks, unpowered buildings, or Contaminate may cause inaccurate times.
  • Supply counts are checked every 10 seconds.